 Dungeon Crawl Stone Soup version 0.18.1-50-g88ac8fd (webtiles) character file.

157296 Chiseanne the Ninja (level 16, -1/74 HPs)
             Began as a Spriggan Assassin on Mar 29, 2017.
             Was an Initiate of Gozag.
             Shot with an arrow by a naga sharpshooter (10 damage)
             ... on level 3 of the Snake Pit on Mar 30, 2017.
             The game lasted 03:08:12 (50536 turns).

Chiseanne the Ninja (Spriggan Assassin)            Turns: 50536, Time: 03:08:13

Health: -1/74      AC:  7    Str:  7    XL:     16   Next: 84%
Magic:  21/43      EV: 37    Int: 14    God:    Gozag
Gold:   1655       SH:  0    Dex: 27    Spells: 6 memorised, 18 levels left

rFire  + + +     SeeInvis +     a - +3 rapier (venom)
rCold  + . .     Gourm    .     k - +2 robe {rC+ rF+}
rNeg   . . .     Faith    +     (shield restricted)
rPois  +         Spirit   .     c - +2 hat {MR+}
rElec  +         Dismiss  .     t - +0 cloak
rCorr  .         Reflect  .     (gloves unavailable)
SustAt .         Harm     .     (boots unavailable)
MR     +++..                    i - amulet "Socs" {Faith rElec Slay+5 SInv Stlth+}
Stlth  ++++++++++               M - ring of Lilacs {rPois rC+ Dex+4}
                                D - ring of Tiyn {rF++ rC- MP+9 Stlth+}

@: gold aura, very quick, extremely resistant to hostile enchantments, uncannily
stealthy
A: unfitting armour, see invisible, herbivore 3, speed 3, slow metabolism 2
a: Potion Petition, Call Merchant, Bribe Branch, Renounce Religion
}: 1/15 runes: decaying


You were on level 3 of the Snake Pit.
You worshipped Gozag.
Gozag was noncommittal.
You were not hungry.

You visited 7 branches of the dungeon, and saw 34 of its levels.
You also visited: Volcano.

You collected 13315 gold pieces.
You spent 5051 gold pieces at shops.
You paid 6609 gold pieces to Gozag.

Inventory:

Hand Weapons
 a - a +3 rapier of venom (weapon)
 d - a +2 rapier of electrocution
 e - the +4 hand crossbow "Onuuxuak" {venom, rPois MR+}
   (You found it on level 6 of the Lair of Beasts)

   It poisons the ammo it fires.
   It protects you from poison.
   It affects your resistance to hostile enchantments.
 q - a +4 arbalest of flaming
 r - the +1 hand crossbow of False Accusations {penet, Int-5 Dex+6}
   (You bought it in a shop on level 13 of the Dungeon)

   Ammo fired by it will pass through the targets it hits, potentially hitting
   all targets in its path until it reaches maximum range.
   It affects your intelligence (-5).
   It affects your dexterity (+6).
 s - a +3 scimitar of flaming
 w - a +0 blowgun
Missiles
 o - 348 bolts
 x - 2 throwing nets (quivered) {!*}
 A - 3 curare-tipped needles {!*}
 K - 2 poisoned tomahawks
 X - 88 poisoned needles
Armour
 c - a +2 hat of magic resistance (worn)
 k - a +2 robe of resistance (worn)
 t - a +0 cloak (worn)
Jewellery
 i - the amulet "Socs" (around neck) {Faith rElec Slay+5 SInv Stlth+}
   (You bought it in a shop on level 2 of the Orcish Mines)

   [amulet of faith]

   It allows you to gain divine favour quickly.
   It affects your accuracy and damage with ranged weapons and melee attacks
   (+5).
   It insulates you from electricity.
   It lets you see invisible.
   It makes you more stealthy.
 D - the ring of Tiyn (left hand) {rF++ rC- MP+9 Stlth+}
   (You bought it in a shop on level 9 of the Dungeon)

   [ring of stealth]

   It greatly protects you from fire.
   It makes you vulnerable to cold.
   It affects your magic capacity (+9).
   It makes you more stealthy.
 M - the ring of Lilacs (right hand) {rPois rC+ Dex+4}
   (You bought it in a shop on level 9 of the Dungeon)

   [ring of protection from cold]

   It affects your dexterity (+4).
   It protects you from cold.
   It protects you from poison.
 P - the amulet "Vagaroh" {RegenMP MR- MP+9 Dex+6}
   (You bought it in a shop on level 9 of the Dungeon)

   [amulet of magic regeneration]

   It increases your magic regeneration.
   It affects your dexterity (+6).
   It affects your resistance to hostile enchantments.
   It affects your magic capacity (+9).
Wands
 b - a wand of heal wounds (4/9)
 f - a wand of iceblast (7/15)
 p - a wand of iceblast (6/15)
 C - a wand of digging (3/24)
 N - a wand of disintegration (6/24)
 Z - a wand of teleportation (2/9)
Scrolls
 h - a scroll of blinking
 j - 6 scrolls of fear
 l - 10 scrolls of teleportation
 m - 6 scrolls of recharging
 u - a scroll of silence
 y - 12 scrolls of identify
 B - a scroll of remove curse
 H - 3 scrolls of summoning
Potions
 n - 15 potions of curing
 v - 8 potions of flight
 z - a potion of resistance
 E - a potion of invisibility {unknown}
 O - 2 potions of agility
 Q - 4 potions of berserk rage
 R - 3 potions of might
 S - a potion of heal wounds
 V - a potion of haste
Miscellaneous
 T - a sack of spiders {used: 3}
 Y - a fan of gales
Comestibles
 g - 7 bread rations


   Skills:
 - Level 3.6 Fighting
 * Level 9.9 Short Blades
 - Level 5.9 Crossbows
 - Level 5.4 Throwing
 * Level 15.3 Dodging
 O Level 27 Stealth
 - Level 13.2 Spellcasting
 * Level 12.1 Hexes
 - Level 10.0 Evocations


You had 18 spell levels left.
You knew the following spells:

 Your Spells              Type           Power        Failure   Level  Hunger
a - Confuse               Hex            #####...     1%          3    None
b - Tukima's Dance        Hex            #####...     1%          3    None
c - Dazzling Spray        Conj/Hex       ####..       1%          3    None
d - Cause Fear            Hex            #####.....   1%          4    ###....
e - Silence               Hex/Air        ####......   21%         5    #####..
f - Yara's Violent Unrav  Hex/Trmt       ####......   21%         5    #####..


Dungeon Overview and Level Annotations

Branches:
Dungeon (15/15)            Temple (1/1) D:7            Lair (8/8) D:11
  Swamp (4/4) Lair:4        Snake (3/4) Lair:4        Slime (0/6) Lair:6
    Orc (2/2) D:12            Elf (1/3) Orc:2        Vaults (0/5) D:13
 Depths (0/5) D:15

Altars:
Ashenzari
Cheibriados
Dithmenos
Elyvilon
Fedhas
Gozag
Kikubaaqudgha
Makhleb
Nemelex Xobeh
Okawaru
Pakellas
Qazlal
Ru
Sif Muna
Trog
Vehumet
Xom
Yredelemnul
Zin
The Shining One
Beogh
Jiyva

Shops:
D:6 (   D:7 *   D:9 =   D:11 ((!   D:13 %(   D:15 ?(   Orc:1 [*   Orc:2 (=[*

Portals:
Trove: D:11 (give 2 scrolls of acquirement)

Annotations:
D:5 Chiseanne's ghost, amateur SpAs
D:15 exclusion: Roxanne, Roxanne


Innate Abilities, Weirdness & Mutations

You are tiny and cannot use many weapons and most armour.
You have supernaturally acute eyesight.
You are a herbivore.
You cover ground extremely quickly.
You need consume almost no food.


Message History

Zapping:
C - a wand of digging (3/24)
Press: ? - help, Shift-Dir - straight line
Okay, then.
Unknown command.
Evoke which item? (* to show all) (? for menu, Esc to quit)
Zapping:
N - a wand of disintegration (7/24)
Press: ? - help, Shift-Dir - straight line The rock wall explodes into countless fragments.
This wand has 6 charges left.
The naga sharpshooter unwields an uncursed hand axe.
The naga sharpshooter wields an arbalest.
The naga sharpshooter shoots a bolt.
The bolt misses you.
The naga sharpshooter shoots an arrow.
The arrow hits you!
* * * LOW HITPOINT WARNING * * *
You see here an arrow.
The naga sharpshooter mumbles some strange words.
The naga sharpshooter magically shoots an arrow.
The arrow hits you!
You die...
Your body crumbles into a pile of gold.

#.......####.#..###
##.##..##..#.#....##########
#...####......).#...)#...#>#
......#........##......).#.###
....)..........#.....#)..#...##
#..#.##.....)........#)..#....#
#..#.........###.....#........#
############.#.###.#####.#....#
#.........@......#.##.#.#
#.)......###(.).###.#.###
##########.#....((#.###
#...###..#N#...# ###
##$....#(.#$#...#
....#.......###N#...#
.............#...#####.
.....#...(...#.........#
..######(#$.##........##


You could see a naga sharpshooter.

Vanquished Creatures
  Gastronok (Lair:2)
  An orc warlord (Orc:1)
  A dire elephant (D:15)
  A fire dragon (D:15)
  3 naga warriors
  5 catoblepae
  15 hydras
  4 centaur warriors
  An ogre mage (D:13)
  A death knight (D:12)
  11 anacondas
  The ghost of Chiseanne the Unseen, a journeyman SpAs of Gozag (Orc:1)
  Erica (D:8)
  The ghost of Chiseanne the Imperceptible, a journeyman SpAs of Gozag (D:12)
  6 alligators
  10 death yaks (Lair:8)
  A queen ant (Lair:5)
  3 orc high priests (Orc:2)
  2 shock serpents
  3 naga sharpshooters
  Urug (D:13)
  2 spriggans (Swamp:2)
  Nergalle (D:11)
  A skeletal warrior (D:12)
  A deep elf knight (D:13)
  8 unseen horrors
  The ghost of Chiseanne the Unseen, a novice SpAs of Gozag (D:11)
  4 swamp dragons
  A wizard (D:14)
  9 hill giants
  A shambling mangrove (Swamp:1)
  6 orc knights
  4 naga ritualists
  2 ugly things (D:11)
  8 mana vipers
  6 orc sorcerers
  3 griffons
  A deep elf mage (D:13)
  2 salamanders
  A salamander (shapeshifter) (D:15)
  A wolf spider (D:15)
  13 elephants
  4 cyclopes
  A guardian serpent (shapeshifter) (D:14)
  2 centaur zombies (D:15)
  A torpor snail (Lair:7)
  20 black mambas
  3 naga magi (Snake:2)
  17 spiny frogs
  2 molten gargoyles (Volcano)
  2 gargoyles
  An efreet (D:15)
  7 yaktaurs
  5 rime drakes
  A freezing wraith (D:12)
  4 komodo dragons
  A queen bee (D:8)
  A polar bear (Lair:8)
  3 trolls
  Prince Ribbit (D:9)
  4 two-headed ogres
  2 giant leeches
  2 bog bodies
  8 slime creatures
  8 blink frogs
  3 dancing weapons
  A shadow (D:13)
  4 wraiths
  48 yaks
  A tarantella (D:10)
  A wyvern (D:13)
  Eustachio (D:5)
  8 hippogriffs
  5 basilisks
  2 hungry ghosts (D:10)
  3 wargs
  5 vampire mosquitoes
  3 insubstantial wisps (Swamp:2)
  18 nagas
  16 soldier ants
  5 swamp worms
  Duvessa (D:4)
  16 water moccasins
  10 porcupines
  7 sky beasts
  30 orc warriors
  2 eyes of draining (D:12)
  2 ice beasts
  A black bear (Lair:1)
  7 wasps
  A necrophage (D:12)
  23 wolves
  2 phantoms
  18 ogres
  14 centaurs
  8 crocodiles
  2 big kobolds
  19 giant frogs
  A wyvern zombie (D:10)
  2 gnoll sergeants
  Dowan (D:4)
  4 scorpions
  27 killer bees
  3 howler monkeys
  18 wights
  3 electric eels
  2 lava snakes (Volcano)
  4 crimson imps
  A wasp zombie (D:9)
  2 jellies (D:12)
  7 hounds
  17 orc priests
  30 orc wizards
  2 giant frog zombies
  2 gnoll shamans
  A quasit (D:7)
  5 centaur skeletons
  3 giant frog skeletons
  9 iguanas
  43 worker ants
  9 sheep
  A hound zombie (D:9)
  A hound skeleton (D:4)
  A worker ant zombie (D:6)
  37 gnolls
  51 river rats
  9 adders
  5 shadow imps
  An ooze (D:2)
  3 adder skeletons
  2 worms
  4 dart slugs
  4 giant geckos
  80 orcs
  8 giant cockroaches
  8 goblins
  8 hobgoblins
  25 jackals
  2 quokkas
  11 bats
  A giant gecko skeleton (D:4)
  7 giant newts
  15 kobolds
  A quokka skeleton (D:5)
  16 rats
  4 fungi (D:11)
  A plant (D:11)
1038 creatures vanquished.

Vanquished Creatures (collateral kills)
  A death yak (Lair:8)
  An orc high priest (Orc:2)
  A naga (Snake:2)
  7 orc warriors
  An orc priest (Orc:2)
  An orc wizard (Orc:2)
  2 orcs (Orc:1)
14 creatures vanquished.

Vanquished Creatures (others)
  16 dancing weapons
  A centaur zombie (D:5)
  24 fungi
  45 plants
86 creatures vanquished.

Grand Total: 1138 creatures vanquished

Notes
Turn   | Place    | Note
--------------------------------------------------------------
     0 | D:1      | Chiseanne the Spriggan Assassin began the quest for the Orb.
     0 | D:1      | Reached XP level 1. HP: 10/10 MP: 2/2
   103 | D:1      | Reached skill level 6 in Stealth
   192 | D:1      | Reached XP level 2. HP: 14/14 MP: 3/3
   759 | D:2      | Reached XP level 3. HP: 18/18 MP: 4/4
   928 | D:2      | Reached XP level 4. HP: 14/23 MP: 5/5
  1098 | D:2      | Found a snail-covered altar of Cheibriados.
  2084 | D:2      | Reached skill level 7 in Stealth
  2287 | D:3      | Found a white marble altar of Elyvilon.
  2524 | D:3      | Reached XP level 5. HP: 26/26 MP: 6/6
  2557 | D:3      | Found a shadowy altar of Dithmenos.
  3004 | D:3      | Reached skill level 5 in Dodging
  3969 | D:3      | Reached XP level 6. HP: 21/32 MP: 7/7
  4530 | D:3      | Reached skill level 8 in Stealth
  5424 | D:3      | Reached XP level 7. HP: 28/35 MP: 8/8
  6102 | D:4      | Found a blossoming altar of Fedhas.
  6108 | D:4      | Found an ancient bone altar of Kikubaaqudgha.
  6656 | D:4      | Noticed Duvessa
  6656 | D:4      | Noticed Dowan
  6708 | D:4      | Killed Duvessa
  6708 | D:4      | Reached skill level 9 in Stealth
  6734 | D:4      | Killed Dowan
  6918 | D:5      | Entered Level 5 of the Dungeon
  6923 | D:5      | Noticed Chiseanne's ghost (amateur SpAs)
  7188 | D:5      | Noticed Eustachio
  7373 | D:5      | Reached XP level 8. HP: 14/40 MP: 9/9
  7508 | D:5      | Killed Eustachio
  7508 | D:5      | Reached skill level 10 in Stealth
  7939 | D:5      | Found a burning altar of Makhleb.
  7940 | D:5      | Found a shimmering altar of Xom.
  8496 | D:6      | Found Qiverchoro's Weapon Boutique.
  8551 | D:6      | You fall through a shaft for 2 floors!
  8594 | D:8      | Found a burning altar of Makhleb.
  8637 | D:7      | Found an opulent altar of Gozag.
  8643 | D:7      | Became a worshipper of Gozag Ym Sagoz the Greedy
  8943 | D:6      | Reached skill level 11 in Stealth
  9426 | D:6      | Bought a +2 rapier of venom for 201 gold pieces
  9448 | D:6      | Found a radiant altar of Vehumet.
  9458 | D:6      | Reached skill level 5 in Throwing
  9751 | D:7      | Found Moruyz's Assorted Antiques.
  9772 | D:7      | Bought a metallic purple potion for 21 gold pieces
  9772 | D:7      | Bought a scroll of identify for 48 gold pieces
  9896 | D:7      | Found an iron altar of Okawaru.
  9970 | D:7      | Reached XP level 9. HP: 20/45 MP: 10/10
  9988 | D:7      | HP: 2/45 [orc wizard/magic dart (9)]
 10143 | D:7      | Found a basalt altar of Yredelemnul.
 10153 | D:7      | Found a glowing golden altar of the Shining One.
 10250 | D:7      | Paralysed by a wasp for 2 turns
 10258 | D:7      | Reached skill level 12 in Stealth
 10442 | D:7      | Found a staircase to the Ecumenical Temple.
 10715 | Temple   | Entered the Ecumenical Temple
 10801 | D:8      | Found an opulent altar of Gozag.
 10816 | D:8      | Noticed Erica
 10854 | D:8      | Killed Erica
 10854 | D:8      | Reached skill level 5 in Short Blades
 10854 | D:8      | Reached skill level 13 in Stealth
 11234 | D:8      | Found a sparkling altar of Nemelex Xobeh.
 11277 | D:8      | Noticed a queen bee
 11285 | D:8      | Killed a queen bee
 11288 | D:8      | Reached skill level 14 in Stealth
 11323 | D:8      | Reached XP level 10. HP: 43/49 MP: 11/11
 12162 | D:9      | Found a shattered altar of Ashenzari.
 12383 | D:9      | Found an oddly glowing altar of Pakellas.
 12739 | D:9      | Noticed Prince Ribbit
 12744 | D:9      | Killed Prince Ribbit
 12744 | D:9      | Reached skill level 15 in Stealth
 12898 | D:9      | Learned a level 3 spell: Confuse
 12926 | D:10     | Entered Level 10 of the Dungeon
 13061 | D:10     | Reached skill level 1 in Spellcasting
 13061 | D:10     | Reached skill level 1 in Hexes
 13574 | D:10     | Found a glowing silver altar of Zin.
 13968 | D:10     | Noticed an unseen horror
 14041 | D:10     | an unseen horror changed into a tarantella
 14360 | D:11     | Noticed an unseen horror
 14373 | D:11     | Killed an unseen horror
 14373 | D:11     | Reached skill level 16 in Stealth
 14408 | D:11     | Identified a scroll of acquirement
 14444 | D:9      | Bought the ring of Lilacs {rPois rC+ Dex+4} for 758 gold pieces
 14508 | D:11     | Noticed a four-headed hydra
 14510 | D:11     | Noticed a hill giant
 14521 | D:11     | Noticed an unseen horror
 14542 | D:11     | Killed a hill giant
 14542 | D:11     | Reached XP level 11. HP: 36/53 MP: 17/19
 14556 | D:11     | Reached skill level 5 in Hexes
 14689 | D:11     | Noticed Nergalle
 15003 | D:11     | Killed a four-headed hydra
 15003 | D:11     | Reached skill level 5 in Spellcasting
 15312 | D:11     | Noticed Chiseanne's ghost (novice SpAs)
 15676 | D:11     | Found a staircase to the Lair.
 15942 | D:11     | Found a portal to a secret trove of treasure.
 16586 | D:11     | Killed an unseen horror
 16713 | D:11     | Noticed a hill giant
 16764 | D:11     | Killed a hill giant
 16962 | D:11     | Noticed a red ugly thing
 16994 | D:11     | Killed a red ugly thing
 17001 | D:11     | Learned a level 3 spell: Tukima's Dance
 17005 | D:11     | Learned a level 3 spell: Dazzling Spray
 17220 | D:11     | Killed Nergalle
 17220 | D:11     | Reached skill level 17 in Stealth
 17327 | D:11     | Noticed a hill giant
 17392 | D:11     | Killed a hill giant
 18237 | D:12     | Noticed Chiseanne's ghost (journeyman SpAs)
 18259 | D:12     | Noticed an unseen horror
 18275 | D:12     | Killed an unseen horror
 18287 | D:12     | Noticed a hill giant
 18317 | D:12     | Killed a hill giant
 18779 | D:11     | Noticed a red ugly thing
 18856 | D:11     | Killed a red ugly thing
 19239 | D:11     | Reached XP level 12. HP: 52/58 MP: 25/25
 19303 | D:12     | Reached skill level 18 in Stealth
 19345 | D:12     | Found a staircase to the Orcish Mines.
 19455 | D:12     | Found a roughly hewn altar of Beogh.
 19839 | D:9      | Bought the ring of Tiyn {rF++ rC- MP+9 Stlth+} for 595 gold pieces
 20193 | D:12     | Found a roughly hewn altar of Beogh.
 21309 | Orc:1    | Entered Level 1 of the Orcish Mines
 21394 | Orc:1    | Noticed Chiseanne's ghost (journeyman SpAs)
 21485 | Lair:1   | Entered Level 1 of the Lair of Beasts
 22309 | Lair:2   | Noticed Gastronok
 22632 | Lair:2   | Noticed an eight-headed hydra
 22686 | Lair:2   | Killed an eight-headed hydra
 23219 | Lair:2   | Noticed an eight-headed hydra
 23255 | Lair:2   | Killed a two-headed hydra
 23255 | Lair:2   | Reached skill level 10 in Spellcasting
 23405 | Lair:2   | Reached skill level 10 in Hexes
 23520 | D:11     | Bought a potion of mutation for 27 gold pieces
 23520 | D:11     | Bought a potion of curing for 33 gold pieces
 23520 | D:11     | Bought a potion of ambrosia for 88 gold pieces
 23520 | D:11     | Bought a potion of agility for 44 gold pieces
 23520 | D:11     | Bought a potion of flight for 33 gold pieces
 23662 | Lair:2   | Reached skill level 19 in Stealth
 23787 | Lair:2   | Learned a level 4 spell: Cause Fear
 25074 | Lair:2   | Killed Gastronok
 25721 | Lair:3   | Reached skill level 10 in Dodging
 25883 | D:9      | Bought the amulet "Vagaroh" {RegenMP MR- MP+9 Dex+6} for 771 gold pieces
 26001 | Lair:4   | Found a staircase to the Swamp.
 26336 | Lair:3   | Reached XP level 13. HP: 46/61 MP: 20/29
 26868 | Lair:4   | Got a jewelled trident
 26886 | Lair:4   | Identified the cursed +1 trident of the Throat {elec, MP+9} (You found it on level 4 of the Lair of Beasts)
 27169 | Lair:4   | Found a staircase to the Snake Pit.
 27553 | Lair:5   | Found a deep blue altar of Sif Muna.
 27811 | Lair:5   | Reached skill level 20 in Stealth
 29199 | Lair:6   | Got a warped hand crossbow
 29203 | Lair:6   | Identified the +4 hand crossbow "Onuuxuak" {venom, rPois MR+} (You found it on level 6 of the Lair of Beasts)
 29327 | Lair:6   | Found a staircase to the Slime Pits.
 29329 | Lair:6   | Found a viscous altar of Jiyva.
 30038 | D:11     | Bought a slimy falchion for 264 gold pieces
 30038 | D:11     | Bought a runed rapier for 132 gold pieces
 30039 | D:11     | Identified the cursed +3 falchion "Impslayer" {vamp, Int+2} (You bought it in a shop on level 11 of the Dungeon)
 30659 | Lair:7   | Learned a level 5 spell: Silence
 31306 | Lair:7   | Reached skill level 21 in Stealth
 31524 | Lair:7   | Reached XP level 14. HP: 65/65 MP: 32/32
 32055 | Lair:8   | Entered Level 8 of the Lair of Beasts
 32109 | Lair:8   | Found a dark tunnel.
 32119 | Volcano  | Entered a volcano
 32234 | Volcano  | Found a radiant altar of Vehumet.
 32236 | Volcano  | Reached skill level 1 in Evocations
 32614 | Lair:8   | Reached skill level 5 in Evocations
 33494 | Lair:8   | Reached skill level 10 in Evocations
 34304 | Lair:8   | Reached skill level 1 in Crossbows
 34359 | Lair:8   | Got a dazzling arbalest
 34360 | Lair:8   | Identified the +4 arbalest "Torgh" {flame, rC+} (You found it on level 8 of the Lair of Beasts)
 34914 | D:12     | Killed Chiseanne's ghost
 35195 | D:13     | Found Iroaweng's Food Shop.
 35519 | D:13     | Reached skill level 5 in Crossbows
 35669 | D:13     | Noticed Urug
 35672 | D:13     | Killed Urug
 35892 | D:13     | Found a gate to the Vaults.
 36112 | D:13     | Bought a dazzling hand crossbow for 323 gold pieces
 36117 | D:13     | Identified the cursed +1 hand crossbow of False Accusations {penet, Int-5 Dex+6} (You bought it in a shop on level 13 of the Dungeon)
 36194 | D:13     | Reached skill level 22 in Stealth
 36412 | D:14     | Reached XP level 15. HP: 69/69 MP: 33/33
 36768 | D:14     | Learned a level 5 spell: Yara's Violent Unravelling
 36796 | D:15     | Entered Level 15 of the Dungeon
 36913 | D:15     | Found a staircase to the Depths.
 37032 | D:15     | Reached skill level 23 in Stealth
 37383 | D:15     | Noticed Roxanne
 38197 | D:14     | Reached skill level 24 in Stealth
 40127 | Orc:1    | Killed Chiseanne's ghost
 40436 | Orc:1    | Found Ruryuh's General Store.
 40443 | Orc:1    | Bought a scroll of identify for 34 gold pieces
 40507 | Orc:1    | Found Belefre's Armour Boutique.
 40641 | Orc:2    | Entered Level 2 of the Orcish Mines
 41048 | Orc:2    | Found a staircase to the Elven Halls.
 41535 | Orc:2    | Reached skill level 25 in Stealth
 41552 | Orc:2    | Noticed an orc warlord
 41771 | Orc:1    | Killed an orc warlord
 43788 | Orc:2    | Found Xoes Gull's Antique Armour Shoppe.
 43789 | Orc:2    | Found Kairr's Antique Weapon Emporium.
 43790 | Orc:2    | Found Rovate's General Store.
 43790 | Orc:2    | Found Neucich's Jewellery Shoppe.
 43794 | Orc:2    | Bought a potion of curing for 39 gold pieces
 43794 | Orc:2    | Bought a scroll of enchant weapon for 97 gold pieces
 43817 | Orc:2    | Bought the amulet "Socs" {Faith rElec Slay+5 SInv Stlth+} for 984 gold pieces
 43828 | Orc:2    | Bought a tattered robe for 153 gold pieces
 43831 | Orc:2    | Identified the +3 robe of Dithmenos's Envy {rC- MR+ rCorr Int+4} (You bought it in a shop on level 2 of the Orcish Mines)
 43958 | Elf:1    | Entered Level 1 of the Elven Halls
 44140 | D:11     | Killed Chiseanne's ghost
 44328 | Swamp:1  | Entered Level 1 of the Swamp
 44679 | Swamp:1  | Reached skill level 26 in Stealth
 44866 | Swamp:1  | Reached XP level 16. HP: 74/74 MP: 34/34
 45818 | D:15     | Bought a scroll of silence for 105 gold pieces
 45818 | D:15     | Bought a scroll of teleportation for 42 gold pieces
 45818 | D:15     | Bought a scroll of identify for 28 gold pieces
 45818 | D:15     | Bought 2 scrolls of fear for 98 gold pieces
 45818 | D:15     | Bought a scroll of enchant weapon for 105 gold pieces
 45818 | D:15     | Bought a scroll of identify for 28 gold pieces
 46471 | Swamp:4  | Entered Level 4 of the Swamp
 46479 | Swamp:4  | Noticed a thorn hunter
 46484 | Swamp:4  | Noticed a thorn hunter
 46486 | Swamp:4  | Got a decaying rune of Zot
 46614 | Snake:1  | Entered Level 1 of the Snake Pit
 46848 | Snake:1  | Reached skill level 27 in Stealth
 49131 | Snake:2  | Found a glowing silver altar of Zin.
 49195 | Snake:2  | Reached skill level 15 in Dodging
 50536 | Snake:3  | Shot with an arrow by a naga sharpshooter

Skill      XL: |  1  2  3  4  5  6  7  8  9 10 11 12 13 14 15 16 |
---------------+-------------------------------------------------+-----
Stealth        | 6 7 8 9 11 14 16 17 19 21 22 26 27 | 27.0
Dodging        | 2 3 4 5 6 8 9 10 13 15 | 15.3
Fighting       | 2 3 |  3.6
Throwing       | 3 4 5 |  5.4
Short Blades   | 3 7 8 9 |  9.9
Spellcasting   | 4 8 11 13 | 13.2
Hexes          | 4 8 10 12 | 12.1
Evocations     | 10 | 10.0
Crossbows      | 5 |  5.9

Action                   |  1- 3 |  4- 6 |  7- 9 | 10-12 | 13-15 | 16-18 || total
-------------------------+-------+-------+-------+-------+-------+-------++-------
Melee: Dagger            |    43 |   336 |   193 |       |       |       ||   572
       Whip              |       |       |    45 |       |       |       ||    45
       Rapier            |       |       |   147 |  1114 |   980 |   218 ||  2459
       Scimitar          |       |       |       |    91 |    70 |       ||   161
 Fire: Blowgun           |    22 |    95 |    44 |    84 |       |       ||   245
       Hand crossbow     |       |       |       |       |   306 |    52 ||   358
       Arbalest          |       |       |       |       |    34 |   102 ||   136
Throw: Stone             |       |     5 |       |     6 |       |       ||    11
       Throwing net      |       |     3 |       |       |       |     2 ||     5
       Tomahawk          |       |       |     2 |    12 |    14 |     4 ||    32
 Cast: Confuse           |       |       |       |    82 |   249 |   132 ||   463
       Tukima's Dance    |       |       |       |     1 |    76 |    26 ||   103
       Dazzling Spray    |       |       |       |     9 |    87 |    17 ||   113
Invok: Call Merchant     |       |       |       |     2 |     4 |     1 ||     7
Evoke: Wand              |       |       |     2 |    22 |    23 |     1 ||    48
       Sack of spiders   |       |       |       |       |     4 |       ||     4
  Use: Scroll            |     3 |     4 |     8 |    13 |    23 |     7 ||    58
       Potion            |       |       |     3 |     8 |     6 |     1 ||    18
 Stab: Sleeping          |     9 |    16 |    25 |    52 |   137 |    26 ||   265
       Distracted        |       |     2 |     3 |    20 |    45 |     5 ||    75
       Held in net/web   |       |     1 |       |       |       |     1 ||     2
       Confused          |       |       |     1 |    22 |    89 |    28 ||   140
       Invisible         |       |       |       |       |    10 |       ||    10
  Eat: Royal jelly       |       |     1 |       |     7 |       |     1 ||     9
       Bread ration      |       |       |     1 |       |       |     1 ||     2
       Fruit             |       |       |       |     9 |    11 |       ||    20
       Pizza             |       |       |       |     2 |     2 |       ||     4
Armor: Robe              |     1 |    18 |    22 |    60 |    45 |    10 ||   156
       Skin              |       |       |    14 |    46 |       |       ||    60
Dodge: Dodged            |    33 |   286 |   403 |  1094 |   929 |   332 ||  3077
